 Dungeon Crawl Stone Soup version 0.27.1-1-g398f81649c (webtiles) character file.

Game seed: 6019141360782172001

3045 Borgoz the Fighter (level 9, -11/82 HPs)
             Began as a Hill Orc Berserker on Sept 21, 2021.
             Was a Priest of Trog.
             Mangled by a two-headed ogre (12 damage)
             ... on level 7 of the Dungeon.
             The game lasted 00:09:55 (10763 turns).

Borgoz the Fighter (Hill Orc Berserker)            Turns: 10763, Time: 00:09:55

Health: -11/82     AC:  7    Str: 20    XL:     9   Next: 87%
Magic:  0/9        EV: 15    Int:  7    God:    Trog [***...]
Gold:   245        SH:  0    Dex: 19    Spells: 8/8 levels left

rFire    . . .     SeeInvis .   a - +0 falchion
rCold    . . .     Faith    .   (no shield)
rNeg     . . .     Spirit   +   b - +0 animal skin
rPois    .         Reflect  .   f - +0 helmet
rElec    .         Harm     .   p - +0 cloak
rCorr    .         Rampage  .   v - +1 pair of gloves
Will     .....                  (no boots)
Stlth    ++........             q - amulet of guardian spirit
HPRegen  0.23/turn              m - ring of flight
MPRegen  0.11/turn              s - +6 ring of dexterity

@: mighty, on berserk cooldown, attractive, flying, hasted and slowed
A: no striking features
a: Renounce Religion, Berserk, Trog's Hand


You were on level 7 of the Dungeon.
You worshipped Trog.
Trog was most pleased with you.
You visited 1 branch of the dungeon, and saw 7 of its levels.

You collected 335 gold pieces.
You spent 90 gold pieces at shops.

Inventory:

Hand Weapons
 a - a +0 falchion (weapon)
Armour
 b - a +0 animal skin (worn)
 f - a +0 helmet (worn)
 p - a +0 cloak (worn)
 v - a +1 pair of gloves (worn)
Jewellery
 g - a ring of ice
 m - a ring of flight (left hand)
 q - an amulet of guardian spirit (around neck)
 s - a +6 ring of dexterity (right hand)
Wands
 x - a wand of flame (23)
Scrolls
 c - 2 scrolls of teleportation
 d - a scroll of noise {unknown}
 e - a scroll of fog {unknown}
 i - a scroll of amnesia {unknown}
 k - 2 scrolls of magic mapping {unknown}
 l - a scroll of vulnerability {unknown}
 o - 2 scrolls of fear {unknown}
 t - a scroll of enchant weapon {unknown}
Potions
 h - 2 potions of berserk rage
 u - a potion of attraction


   Skills:
 + Level 8.9 Fighting
 + Level 8.0 Long Blades
 + Level 7.7 Armour
 + Level 5.7 Dodging


You had 8 spell levels left.
You didn't know any spells.
Your spell library was empty.

Dungeon Overview and Level Annotations

Branches:
Dungeon (7/15)             Temple (0/1) D:7

Altars:
Trog
Beogh

Shops:
D:3 ?

Annotations:
D:7 2 transporters


Message History

A steam dragon comes into view.
The water moccasin zombie bites you but does no damage.
The steam dragon is pulled toward you!
The steam dragon hisses angrily.
You hit the water moccasin zombie.
The water moccasin zombie is severely damaged.
The water moccasin zombie closely misses you.
You riposte.
You slash the water moccasin zombie!
The water moccasin zombie is almost destroyed.
The water moccasin zombie bites you. The steam dragon is pulled toward you!
You hit the water moccasin zombie.
You destroy the water moccasin zombie!
Trog accepts your kill. The steam dragon closely misses you.
The steam dragon claws you.
* * * LOW HITPOINT WARNING * * *
The steam dragon breathes steam at you. The ball of steam hits you.
* * * LOW HITPOINT WARNING * * *
Items here: [ †††.
You slash the steam dragon!
The steam dragon is heavily wounded.
The steam dragon breathes steam at you. The ball of steam misses you.
The steam dragon closely misses you. The steam dragon completely misses you.
The steam dragon barely misses you. The steam dragon misses you.
A two-headed ogre comes into view. It is wielding two +0 giant clubs.
The two-headed ogre is pulled toward you!
You slash the steam dragon!
You kill the steam dragon!
Trog accepts your kill.
The steam dragon scales are intact enough to wear.
The two-headed ogre is pulled toward you!
Your Long Blades skill increases to level 8!
Okay, then.
Okay, then.
You feel yourself speed up.
The two-headed ogre hits you with a +0 giant club!!
* * * LOW HITPOINT WARNING * * *
The two-headed ogre hits you with a +0 giant club!
You die...

...........#
#.#
...........##
..
.########...#
#.# # ##..##
..# ##..##.#
##....#
###.###
##O§######
##@.....##
##......#
##.....##..
#.........
#.........
#.......!.
##........
###......
......


You could see a two-headed ogre.

Vanquished Creatures
  Grinder (D:4)
  Sigmund (D:5)
  A steam dragon (D:7)
  Edmund (D:5)
  An acid dragon (D:7)
  A water moccasin (D:6)
  An orc warrior (D:6)
  A black bear (D:5)
  2 necrophages
  3 phantoms
  A centaur (D:6)
  Blork the orc (D:4)
  2 bullfrogs
  2 scorpions
  A water moccasin zombie (D:7)
  4 wights (D:5)
  4 killer bees (D:7)
  2 jellies
  A gnoll shaman (D:6)
  6 orc priests
  Crazy Yiuf (D:2)
  4 hounds
  Jessica (D:3)
  2 iguanas (D:6)
  4 orc wizards
  A howler monkey zombie (D:6)
  11 gnolls
  7 adders
  2 white imps
  2 worms
  2 dart slugs
  16 orcs
  4 endoplasms
  2 giant cockroaches
  3 goblins
  9 hobgoblins
  5 kobolds
  3 quokkas
  9 ball pythons
  6 bats
  6 frilled lizards
  5 rats
142 creatures vanquished.

Notes
Turn   | Place    | Note
-------+----------+-------------------------------------------
     0 | D:1      | Borgoz the Hill Orc Berserker began the quest for the Orb.
     0 | D:1      | Reached XP level 1. HP: 19/19 MP: 1/1
   257 | D:1      | Reached XP level 2. HP: 27/27 MP: 2/2
  1278 | D:1      | Reached XP level 3. HP: 31/33 MP: 3/3
  1715 | D:2      | Found a faded altar of an unknown god.
  1820 | D:2      | Found a runed translucent door.
  1821 | D:2      | Noticed Crazy Yiuf
  1995 | D:2      | Reached ** piety under Trog
  2398 | D:2      | Reached XP level 4. HP: 30/41 MP: 4/4
  2796 | D:2      | Killed Crazy Yiuf
  2994 | D:3      | Found Ciepsis's Magic Scroll Shoppe.
  2999 | D:3      | Bought a scroll of identify for 20 gold pieces
  2999 | D:3      | Bought a scroll of identify for 20 gold pieces
  2999 | D:3      | Bought a scroll of identify for 20 gold pieces
  2999 | D:3      | Bought a scroll of teleportation for 30 gold pieces
  3207 | D:3      | HP: 3/61 [poisoned by an orc]
  3212 | D:3      | Reached XP level 5. HP: 18/47 MP: 0/5
  4339 | D:3      | Noticed Jessica
  4344 | D:3      | Killed Jessica
  4634 | D:4      | Noticed Blork the orc
  4648 | D:4      | Killed Blork the orc
  4649 | D:4      | Reached skill level 5 in Fighting
  4649 | D:4      | Reached XP level 6. HP: 46/56 MP: 2/6
  5407 | D:4      | Noticed Grinder
  5420 | D:4      | Paralysed by Grinder for 4 turns
  5462 | D:4      | Paralysed by Grinder for 5 turns
  5473 | D:4      | Killed Grinder
  5474 | D:4      | Reached skill level 5 in Long Blades
  5474 | D:4      | Reached XP level 7. HP: 34/61 MP: 2/7
  5958 | D:4      | Found a bloodstained altar of Trog.
  6342 | D:5      | Entered Level 5 of the Dungeon
  6342 | D:5      | Noticed Edmund
  6343 | D:5      | Noticed Sigmund
  6352 | D:5      | Killed Edmund
  6371 | D:5      | Killed Sigmund
  6372 | D:5      | Reached skill level 5 in Armour
  6372 | D:5      | Reached XP level 8. HP: 40/71 MP: 3/8
  8379 | D:6      | Reached XP level 9. HP: 33/79 MP: 5/9
  8767 | D:6      | Reached skill level 5 in Dodging
 10179 | D:7      | Found a staircase to the Ecumenical Temple.
 10357 | D:7      | Found a transporter.
 10492 | D:7      | Found a transporter.
 10498 | D:7      | Found a roughly hewn altar of Beogh.
 10620 | D:7      | Reached *** piety under Trog
 10761 | D:7      | Noticed a two-headed ogre
 10763 | D:7      | HP: 1/82 [two-headed ogre (19)]
 10763 | D:7      | Mangled by a two-headed ogre

Illustrated notes

Levels and vault maps discovered:
D:1:      wander_arrival_peaceful_grave, layout_basic
D:2:      minmay_wonky_spiral, layout_loops_cross,
          hellmonk_ecumenical_altar_heavens_door, minmay_tetromino_i4,
          uniq_crazy_yiuf_cottage
D:3:      minmay_diamond_boxcup, layout_loops_corners, serial_shops,
          nicolae_square_shop, uniq_jessica
D:4:      layout_cave_pods, mainiacjoe_overflow_tiny_flanked, uniq_grinder,
          uniq_blork_the_orc
D:5:      layout_basic, serial_rivers, chequers_serial_rivers_marsh,
          chequers_serial_rivers_room_b, chequers_serial_rivers_micro_d,
          chequers_serial_rivers_micro_b, chequers_serial_rivers_micro_e,
          chequers_serial_rivers_micro_d, uniq_edmund, uniq_sigmund
D:6:      layout_basic
D:7:      gammafunk_beogh_shrine, layout_layer_cave,
          minmay_temple_entry_offerings

Skill      XL: |  1  2  3  4  5  6  7  8  9 |
---------------+----------------------------+-----
Fighting       | 4 5 6 7 8 |  8.9
Dodging        | 2 3 4 5 |  5.7
Armour         | 3 4 5 6 7 |  7.7
Long Blades    | 4 5 6 8 |  8.0

Action                   |  1- 3 |  4- 6 |  7- 9 || total
-------------------------+-------+-------+-------++-------
Melee: Falchion          |   106 |   146 |   426 ||   678
Invok: Berserk           |       |     5 |     8 ||    13
       Trog's Hand       |       |     3 |     3 ||     6
  Use: Potion            |       |     5 |     6 ||    11
       Scroll            |       |     4 |     2 ||     6
 Stab: Sleeping          |       |     2 |     1 ||     3
Armor: Animal skin       |    24 |    26 |   119 ||   169
       Skin              |       |    10 |       ||    10
Dodge: Dodged            |    71 |    61 |   325 ||   457
       Rpst.: Falchion   |    24 |    18 |    92 ||   134
